 Dungeon Crawl Stone Soup version 0.29-a0-268-g5627465c62 (webtiles) character file.

Game seed: 2099361474035018358

11741 Murumi the Blocker (level 12, -2/89 (95) HPs)
             Began as a Formicid Fighter on Mar 7, 2022.
             Was an Elder of Okawaru.
             Slain by Sonja
             ... wielding a +1 dagger of distortion
              (23 damage)
             ... on level 1 of the Lair of Beasts.
             The game lasted 00:54:34 (16542 turns).

Murumi the Blocker (Formicid Fighter)              Turns: 16542, Time: 00:54:35

HP:   -2/89 (95)    AC: 23    Str: 31    XL:     12   Next: 11%
MP:   13/15         EV: 15    Int: 13    God:    Okawaru [****..]
Gold: 429           SH:  8    Dex: 10    Spells: 11/11 levels left

rFire   . . .      SeeInvis +   a - +1 whip (elec)
rCold   + + .      Faith    .   c - +1 buckler
rNeg    . . .      Spirit   .   v - +6 chain mail of Quantum Leap {+Inv rPois Int+4}
rPois   +          Reflect  .   (helmet unavailable)
rElec   .          Harm     .   x - +0 cloak
rCorr   .          Rampage  .   e - +0 pair of gloves of Xiorphio {rC++}
Will    +....                   A - +0 pair of boots
Stlth   +.........              (no amulet)
HPRegen 0.24/turn               d - +6 ring of strength
MPRegen 0.14/turn               s - +4 ring of evasion

@: heroic, drained
A: permanent stasis, dig shafts and tunnels, antennae 3, four strong arms
a: Dig, Shaft Self, Renounce Religion, Evoke Invisibility, Heroism, Finesse


You were on level 1 of the Lair of Beasts.
You worshipped Okawaru.
Okawaru was greatly pleased with you.
You visited 3 branches of the dungeon, and saw 12 of its levels.

You collected 669 gold pieces.
You spent 240 gold pieces at shops.

Inventory:

Hand Weapons
 a - a +1 whip of electrocution (weapon)
 f - a +0 hand crossbow
 C - a +0 dire flail
Armour
 c - a +1 buckler (worn)
 e - the +0 pair of gloves of Xiorphio (worn) {rC++}
   (You acquired it on level 1 of the Dungeon)

   rC:        It greatly protects you from cold.
 v - the +6 chain mail of Quantum Leap (worn) {+Inv rPois Int+4}
   (You took it off an orc on level 6 of the Dungeon)

   Int:       It affects your intelligence (+4).
   rPois:     It protects you from poison.
   +Inv:      It lets you turn invisible.
 x - a +0 cloak (worn)
 A - a +0 pair of boots (worn)
Jewellery
 b - a ring of poison resistance
 d - a +6 ring of strength (left hand)
 i - a ring of protection from fire
 j - a ring of resist corrosion
 s - a +4 ring of evasion (right hand)
 t - a +6 ring of dexterity
 u - a ring of flight
Wands
 k - a wand of iceblast (7)
 r - a wand of acid (5)
 y - a wand of polymorph (6)
Scrolls
 p - 2 scrolls of fog
 w - a scroll of amnesia
Potions
 g - 2 potions of curing
 h - a potion of brilliance
 l - 2 potions of attraction
 m - a potion of invisibility
 n - 5 potions of heal wounds
 o - 2 potions of mutation
 q - a potion of lignification
 z - a potion of ambrosia {unknown}
 B - a potion of cancellation {unknown}


   Skills:
 - Level 9.0(14.0) Fighting
 + Level 7.5(12.5) Maces & Flails
 - Level 7.0(12.0) Crossbows
 - Level 9.0(14.0) Armour
 - Level 3.0(8.0) Dodging
 - Level 6.0(11.0) Stealth
 - Level 10.0(15.0) Shields
 - Level 5.0 Invocations
 - Level 4.0 Evocations


You had 11 spell levels left.
You didn't know any spells.
Your spell library contained the following spells:

 Spells                   Type           Power      Damage    Failure   Level
 Slow                     Hex            0%         N/A       73%         1
 Confusing Touch          Hex            0%         N/A       97%         3
 Vampiric Draining        Necr           0%         2d6       97%         3


Dungeon Overview and Level Annotations

Branches:
Dungeon (10/15)            Temple (1/1) D:7            Lair (1/6) D:10
    Orc (0/2) D:10

Altars:
Ashenzari
Cheibriados
Dithmenos
Elyvilon
Fedhas
Gozag
Hepliaklqana
Kikubaaqudgha
Makhleb
Nemelex Xobeh
Okawaru
Qazlal
Ru
Sif Muna
Trog
Uskayaw
Vehumet
Wu Jian
Xom
Yredelemnul
Zin
The Shining One

Shops:
D:2 =

Annotations:
Lair:1 Sonja


Innate Abilities, Weirdness & Mutations

You cannot be hasted, slowed, berserked, paralysed or teleported.
You can dig through walls and to a lower floor.
You have a pair of large antennae on your head. (SInv)
Your four strong arms can wield two-handed weapons with a shield.


Message History

You block Sonja's attack. Sonja closely misses you.
Sonja hits you but does no damage.
You miss Sonja.
Sonja is moderately wounded.
Sonja hits you but does no damage. Space warps around you.
Sonja hits you but does no damage. x2
You hit Sonja.
Sonja is moderately wounded.
You block Sonja's attack. Sonja barely misses you. Sonja misses you.
You completely miss Sonja.
Sonja is moderately wounded.
Sonja hits you but does no damage. x2; Space warps around you.
Sonja hits you but does no damage. Space warps horribly around you!!
You gain the combat prowess of a mighty hero.
You can no longer enter into single combat with a foe.
Okawaru will no longer gift you equipment.
Sonja hits you but does no damage. x2; Space warps around you.
Sonja hits you but does no damage. Space warps around you.
You miss Sonja.
Sonja is moderately wounded.
Sonja hits you but does no damage. x2; Space warps horribly around you!
* * * LOW HITPOINT WARNING * * *
You block Sonja's attack.
You miss Sonja.
Sonja is moderately wounded.
Sonja completely misses you. You block Sonja's attack. x2
You fail to use your ability.
Sonja casts a spell.
Sonja blinks!
You barely miss Sonja.
Sonja is moderately wounded.
Sonja casts a spell.
Sonja blinks!
You hit Sonja but do no damage. Lightning courses through Sonja!
Sonja is severely wounded.
You miss Sonja.
Sonja is severely wounded.
Sonja barely misses you. You block Sonja's attack.
Sonja hits you but does no damage. Space warps horribly around you!!
You die...

##.###...#
##............ ###
###.#
#.#.......... ###
##............
#.#.P....†....
###..#........
##..#.......
########.........
##K#..##.#........
#@#..........#....
###.####P.....#..#
.........#
###.##..###
#####..#§P#
..###...# ##. ....
## ##... #. .###.
#.. #. #. # ##..
.. # #####... ..
##......#


You could see Sonja.

Vanquished Creatures
  Gastronok (D:8)
  A two-headed ogre (D:8)
  Pikel (D:6)
  Joseph (D:7)
  An unseen horror (D:10)
  Psyche (D:8)
  A rime drake (Lair:1)
  A kobold demonologist (D:8)
  2 hornets
  The ghost of ShansongY the Ducker, an amateur DjWz of Elyvilon (D:4)
  A wraith (D:10)
  2 shadows
  2 wyverns (D:10)
  10 yaks
  Eustachio (D:6)
  3 steam dragons
  Menkaure (D:7)
  Edmund (D:6)
  2 acid dragons
  2 water moccasins
  An orc warrior (D:7)
  4 black bears
  4 sky beasts
  The ghost of TheWayOfAllFlesh the Chopper, an amateur HOMo (D:3)
  3 ice beasts
  2 ogres (D:5)
  2 lemures (D:6)
  3 centaurs
  3 phantoms
  4 kobold brigands
  Blork the orc (D:4)
  2 gnoll sergeants
  4 scorpions
  5 bullfrogs
  2 necrophages
  6 wights
  3 howler monkeys (D:6)
  3 quasits (D:4)
  2 gnoll shamans (D:6)
  3 jellies
  4 orc priests
  2 iguanas
  9 orc wizards
  14 gnolls
  7 adders
  A shadow imp (D:5)
  4 white imps
  2 ufetubi
  A worm (D:2)
  4 dart slugs
  37 orcs
  8 bats
  7 endoplasms
  3 giant cockroaches
  7 goblins
  7 hobgoblins
  6 jackals
  33 kobolds
  2 quokkas
  10 ball pythons
  A frilled lizard (D:3)
  3 rats
266 creatures vanquished.

Vanquished Creatures (others)
  4 plants (D:2)
4 creatures vanquished.

Grand Total: 270 creatures vanquished

Notes
Turn   | Place    | Note
-------+----------+-------------------------------------------
     0 | D:1      | Murumi the Formicid Fighter began the quest for the Orb.
     0 | D:1      | Reached XP level 1. HP: 18/18 MP: 1/1
    50 | D:1      | Reached skill level 4 in Shields
    96 | D:1      | Identified a scroll of acquirement
    96 | D:1      | Acquired the +0 pair of gloves of Xiorphio {rC++}
   116 | D:1      | Reached XP level 2. HP: 24/24 MP: 2/2
   311 | D:1      | Reached XP level 3. HP: 29/30 MP: 3/3
   988 | D:2      | Found an opulent altar of Gozag.
  1168 | D:2      | Reached skill level 1 in Stealth
  1284 | D:2      | Reached XP level 4. HP: 37/37 MP: 4/4
  1314 | D:2      | Found Aleekor's Jewellery Boutique.
  1537 | D:2      | Reached skill level 1 in Dodging
  1726 | D:3      | Found an opulent altar of Gozag.
  2102 | D:3      | Reached XP level 5. HP: 35/42 MP: 5/5
  2254 | D:3      | Found a runed translucent door.
  2257 | D:3      | Noticed TheWayOfAllFlesh's ghost (amateur HOMo)
  2515 | D:4      | Noticed Blork the orc
  3125 | D:4      | Noticed a phantom
  3158 | D:3      | Killed a phantom
  3159 | D:3      | Reached skill level 5 in Shields
  3159 | D:3      | Reached XP level 6. HP: 19/48 MP: 2/6
  3445 | D:4      | Found a sacrificial altar of Ru.
  3615 | D:4      | Reached XP level 7. HP: 39/55 MP: 2/7
  3722 | D:4      | Found a transporter.
  3728 | D:4      | Found a transporter.
  4178 | D:4      | Killed Blork the orc
  4179 | D:4      | Reached skill level 5 in Fighting
  4524 | D:2      | Bought a ring of resist corrosion for 240 gold pieces
  4704 | D:3      | Killed TheWayOfAllFlesh's ghost
  4705 | D:3      | Reached skill level 5 in Armour
  4757 | D:4      | Found a transporter.
  4818 | D:4      | Found a transporter.
  5056 | D:5      | Entered Level 5 of the Dungeon
  5056 | D:5      | Noticed a steam dragon
  5356 | D:5      | Reached skill level 6 in Shields
  5564 | D:5      | Found an ancient bone altar of Kikubaaqudgha.
  5606 | D:5      | Reached XP level 8. HP: 14/62 MP: 2/8
  5946 | D:5      | HP: 3/62 [acid (2)]
  5947 | D:5      | HP: 1/62 [acid (2)]
  5962 | D:5      | Reached skill level 7 in Shields
  6716 | D:5      | Noticed a yak
  6750 | D:5      | Killed a yak
  6751 | D:5      | Reached skill level 5 in Maces & Flails
  6763 | D:5      | Reached XP level 9. HP: 47/69 MP: 3/9
  6947 | D:5      | Reached skill level 5 in Crossbows
  7605 | D:6      | Reached skill level 8 in Shields
  7709 | D:6      | Noticed Eustachio
  7752 | D:6      | Killed Eustachio
  8265 | D:6      | Noticed Pikel
  8666 | D:6      | HP: 1/108 [Pikel/+1 whip of electrocution (11)]
  8680 | D:6      | HP: 2/108 [Pikel/+1 whip of electrocution (8)]
  8688 | D:6      | Killed Pikel
  8689 | D:6      | Reached XP level 10. HP: 20/79 MP: 3/10
  9019 | D:6      | Reached skill level 1 in Evocations
  9244 | D:6      | Noticed Edmund
  9263 | D:6      | Killed Edmund
  9267 | D:6      | Reached skill level 5 in Stealth
  9615 | D:6      | Reached skill level 9 in Shields
  9663 | D:6      | Identified the +6 chain mail of Quantum Leap {+Inv rPois
                  | Int+4}
  9852 | D:6      | Found a basalt altar of Yredelemnul.
 10189 | D:7      | Found a blossoming altar of Fedhas.
 10234 | D:7      | Noticed Menkaure
 10710 | D:7      | Found a staircase to the Ecumenical Temple.
 10714 | D:7      | Noticed Joseph
 10719 | Temple   | Entered the Ecumenical Temple
 10925 | Temple   | Became a worshipper of Warmaster Okawaru
 11268 | D:7      | Killed Joseph
 11515 | D:4      | Noticed ShansongY's ghost (amateur DjWz)
 11592 | D:4      | Killed ShansongY's ghost
 11592 | D:4      | Reached * piety under Okawaru
 11744 | D:7      | Reached skill level 1 in Invocations
 12097 | D:7      | Killed Menkaure
 12178 | D:7      | Found a hide-covered altar of Uskayaw.
 12191 | D:7      | Found a white marble altar of Elyvilon.
 12375 | D:7      | Identified the +5 mace of Degg {vorpal, *Corrode Will+++
                  | Str+9 Dex-2}
 12552 | D:8      | Noticed Gastronok
 12577 | D:8      | Killed Gastronok
 12578 | D:8      | Reached XP level 11. HP: 60/86 MP: 11/14
 12900 | D:8      | Reached ** piety under Okawaru
 13139 | D:8      | Noticed Psyche
 13152 | D:8      | Killed Psyche
 13251 | D:8      | Noticed a two-headed ogre
 13262 | D:8      | Killed a two-headed ogre
 13263 | D:8      | Reached skill level 5 in Invocations
 13767 | D:8      | Reached *** piety under Okawaru
 14622 | D:9      | Found a shadowy altar of Dithmenos.
 14831 | D:9      | Found a stormy altar of Qazlal.
 14831 | D:9      | Found a shimmering altar of Xom.
 15006 | D:10     | Entered Level 10 of the Dungeon
 15006 | D:10     | Found a staircase to the Orcish Mines.
 15105 | D:10     | Reached skill level 10 in Shields
 15263 | D:10     | Found a staircase to the Lair.
 15593 | D:10     | Reached **** piety under Okawaru
 15922 | D:10     | Reached XP level 12. HP: 85/92 MP: 15/15
 16244 | D:10     | Identified the +1 ring mail of the Gate {rElec rC- Will++
                  | Dex+3}
 16290 | Lair:1   | Entered Level 1 of the Lair of Beasts
 16392 | Lair:1   | Reached ***** piety under Okawaru
 16517 | Lair:1   | Noticed Sonja
 16542 | Lair:1   | Slain by Sonja

Illustrated notes

Levels and vault maps discovered:
D:1:      lightli_arrival_chessboard, layout_basic
D:2:      layout_loops_cross, serial_shops, shop_statue, basic_altar,
          serial_bayou_ford_a
D:3:      layout_basic, grunt_gozag_statues, hellmonk_ghost_happy_afterlife
D:4:      layout_cave_pools, amcnicky_altar_gilded, gammafunk_ghost_stat_death,
          uniq_blork_the_orc
D:5:      layout_rooms, lemuel_tele_altar, nzn_random_ring
D:6:      minmay_octagon_keep, layout_loops_ring, mainiacjoe_overflow_catwalk,
          minivault_1, lightli_orcish_oven, uniq_edmund, uniq_pikel,
          uniq_eustachio
D:7:      layout_cave_pods, mainiacjoe_overflow_swirl,
          mainiacjoe_overflow_alcove_1, minmay_temple_entry_waves,
          uniq_menkaure, uniq_joseph
D:8:      layout_loops_ring, uniq_gastronok, uniq_psyche
D:9:      layout_gridville, nicolae_dithmenos_the_darkroom,
          gammafunk_temple_overflow_wave
D:10:     layout_small_grid, lair_entry_dummy, orc_0_dummy,
          minmay_misc_feat_tiny, grunt_ministairs_14
Temple:   hc_temple_tempest_star
Lair:1:   layout_layer_cave, uniq_sonja

Skill      XL: |  1  2  3  4  5  6  7  8  9 10 11 12 |
---------------+-------------------------------------+-----
Shields        | 4 5 6 7 8 9 10 | 10.0
Fighting       | 4 5 6 7 8 9 |  9.0
Armour         | 4 5 7 8 9 |  9.0
Stealth        | 1 2 3 4 5 6 |  6.0
Dodging        | 1 2 3 |  3.0
Maces & Flails | 3 4 5 6 7 |  7.5
Crossbows      | 3 5 6 7 |  7.0
Evocations     | 4 |  4.0
Invocations    | 4 5 |  5.0

Action                   |  1- 3 |  4- 6 |  7- 9 | 10-12 || total
-------------------------+-------+-------+-------+-------++-------
Melee: Flail             |    90 |    69 |       |       ||   159
       Whip              |       |   229 |   602 |   598 ||  1429
 Fire: Hand crossbow     |       |       |     5 |   187 ||   192
Throw: Throwing net      |       |       |     2 |       ||     2
Invok: Heroism           |       |       |       |     2 ||     2
 Abil: Dig               |       |     1 |     1 |     6 ||     8
  Use: Scroll            |     7 |     4 |     2 |     5 ||    18
       Potion            |       |       |     6 |       ||     6
 Stab: Held in net/web   |       |       |     1 |       ||     1
Armor: Scale mail        |    44 |    24 |       |       ||    68
       Chain mail        |       |    19 |       |   208 ||   227
       Plate armour      |       |    85 |   197 |    34 ||   316
       Skin              |       |       |    16 |     3 ||    19
Dodge: Dodged            |    39 |   100 |   230 |   272 ||   641
Block: Buckler           |    18 |    60 |   127 |   159 ||   364

Table legend: (Time is in decaauts)
 A = Elapsed time spent in this place.
 B = Non-inter-level travel time spent in this place.
 C = Inter-level travel time spent in this place.
 D = Time resting spent in this place.
 E = Time spent auto-exploring this place.
 F = Levels seen in this place.
 G = Mean time per level.
                   A        B        C        D        E       F      G
               +--------+--------+--------+--------+--------+-----+--------+
         Total |  16429 |  15089 |   1340 |   1571 |  10569 |  12 | 1369.1 |
       Dungeon |  15665 |  14355 |   1310 |   1266 |  10206 |  10 | 1566.5 |
        Temple |    521 |    491 |     30 |    300 |    179 |   1 |  521.0 |
          Lair |    243 |    243 |      0 |      5 |    184 |   1 |  243.0 |
               +--------+--------+--------+--------+--------+-----+--------+

Top non-repeatable levels by time:
     D:5: 2579 daAuts
     D:6: 2554 daAuts
     D:4: 1887 daAuts
     D:3: 1841 daAuts
     D:8: 1372 daAuts
     D:7: 1367 daAuts
    D:10: 1151 daAuts
     D:9: 1093 daAuts
     D:2: 921 daAuts
     D:1: 896 daAuts
  Temple: 521 daAuts
  Lair:1: 243 daAuts
